 Dungeon Crawl Stone Soup version 0.31-a0-819-gf6de2f5ab6 (webtiles) character file.

Game seed: 8521052131330746057

598 Leeroy the Mimic (level 7, 0/46 HPs)
             Began as a Merfolk Shapeshifter on Sept 23, 2023.
             Slain by an iguana (13 damage)
             ... on level 4 of the Dungeon.
             The game lasted 00:05:48 (2785 turns).

Leeroy the Mimic (Merfolk Shapeshifter)             Turns: 2785, Time: 00:05:48

Health: 0/46       AC:  1    Str: 17    XL:     7   Next: 40%
Magic:  7/7        EV: 13    Int:  9    God:
Gold:   101        SH:  0    Dex: 13    Spells: 6/6 levels left

rFire   . .          .
                       - Unarmed
rCold   . . .        (shield currently unavailable)
rNeg    . . .        a - +1 animal skin
rPois   .            (no helmet)
rElec   .            (no cloak)
rCorr   .            (gloves currently unavailable)
SInv    .            (no boots)
Will    .....        n - amulet of regeneration
Stlth   +            (no ring)
HPRegen 1.07/turn    (no ring)
MPRegen 0.10/turn

%: no passive effects
@: lethally poisoned (0 -> -1), about to teleport, blade hands
A: reduced hp, (nimble swimmer 2), mertail
a: Begin Untransformation


You were on level 4 of the Dungeon.
You had blades for hands.
You visited 1 branch of the dungeon, and saw 4 of its levels.

You collected 101 gold pieces.

Inventory:

Missiles
 j - 11 poisoned darts
Armour
 a - a +1 animal skin (worn)
Jewellery
 n - an amulet of regeneration (around neck)
Talismans
 c - a beast talisman
 d - a flux talisman
 o - a blade talisman (active)
Wands
 e - a wand of charming (9)
Scrolls
 f - 7 scrolls of identify {unknown}
 h - a scroll of enchant weapon {unknown}
 i - 3 scrolls of enchant armour
 l - a scroll of amnesia {unknown}
 m - 2 scrolls of teleportation
 p - 2 scrolls of acquirement {unknown}
Potions
 b - a potion of invisibility {unknown}
 g - a potion of brilliance
 k - a potion of degeneration {unknown}
 q - a potion of ambrosia {unknown}


   Skills:
 - Level 1.3 Fighting
 - Level 3.4 Dodging
 - Level 3.6 Unarmed Combat
 + Level 9.7 Shapeshifting


You had 6 spell levels left.
You didn't know any spells.
Your spell library was empty.

Dungeon Overview and Level Annotations

Branches:
Dungeon (4/15)
 Temple: D:4-7

Altars:


Innate Abilities, Weirdness & Mutations

You have blades for hands.
Your maximum health is decreased, since you lack skill for your form.
You are incapable of wielding weapons or throwing items.
((You are very nimble when in or above water. (Stealth+, EV+, Speed+++)))
Your lower body shifts to a powerful aquatic tail in water.


Message History

The adder bites you. The black bear barely misses you.
The black bear claws you. x2
You hit the black bear.
The black bear is heavily wounded.
The adder barely misses you.
A dart slug comes into view.
The black bear bites you. The black bear claws you. x2
The adder bites you.
You are poisoned.
The adder poisons you!
You feel sick.
The black bear attacks as it pursues you!
The black bear barely misses you. The black bear claws you. x2
You feel sick. The iguana attacks as it pursues you!
The iguana completely misses you.
You feel sick. The adder attacks as it pursues you! The adder bites you.
The adder misses you.
You feel sick. The adder attacks as it pursues you!
The adder barely misses you.
You feel sick.
You feel sick. The adder attacks as it pursues you! The adder bites you.
Okay, then.
As you read the scroll labelled ROUNOE FUYSEPN, it crumbles to dust.
It is a scroll of enchant armour.
Your +0 animal skin glows green for a moment.
You feel sick.
You are no longer poisoned.
The adder barely misses you. The adder bites you.
* * * LOW HITPOINT WARNING * * *
As you read the scroll labelled HUKOH IVVOCSESH, it crumbles to dust.
You feel strangely unstable.
It was a scroll of teleportation.
The adder bites you.
* * * LOW HITPOINT WARNING * * *
You are poisoned.
The adder poisons you!
You slash the adder!
You kill the adder!
You feel sick.
You barely miss the iguana.
You feel sick. The iguana bites you!
You die...

##...:.## ##.......#
#......... #.........
#. #......... #.
#>........
#...########.........
#......@lh##.......~~
#...#####.##......≈≈≈
#...#####..#....≈≈≈≈≈
#.........†....≈~≈≈~(
#######..#####...~#≈≈~.
#.........# ##.~~≈≈≈≈.
#.........#####~~≈≈#≈≈~
#............##~#≈≈~~~w
#..............)~#~~≈w.


You could see a black bear and an iguana.

Vanquished Creatures
  Grinder (D:3)
  An ogre (D:4)
  Blork the orc (D:4)
  Jessica (D:3)
  Terence (D:3)
  An orc wizard (D:4)
  9 adders
  A worm (D:2)
  4 dart slugs (D:4)
  8 orcs
  8 endoplasms
  4 giant cockroaches
  7 goblins
  6 hobgoblins
  9 jackals
  7 ball pythons
  A bat (D:2)
  A frilled lizard (D:3)
  3 kobolds (D:3)
  3 rats
77 creatures vanquished.

Notes
Turn   | Place    | Note
-------+----------+-------------------------------------------
     0 | D:1      | Leeroy the Merfolk Shapeshifter began the quest for the
                  | Orb.
     0 | D:1      | Reached XP level 1. HP: 15/15 MP: 1/1
   302 | D:1      | Reached XP level 2. HP: 21/21 MP: 2/2
   520 | D:2      | HP: 1/21 [adder (2)]
   526 | D:2      | Reached XP level 3. HP: 5/26 MP: 3/3
   664 | D:2      | Reached skill level 5 in Shapeshifting
  1055 | D:2      | Found a faded altar of an unknown god.
  1140 | D:2      | Reached XP level 4. HP: 32/32 MP: 4/4
  1460 | D:3      | Noticed Jessica
  1616 | D:3      | Noticed Grinder
  1696 | D:2      | Reached skill level 6 in Shapeshifting
  1945 | D:3      | Paralysed by Grinder for 5 turns
  1960 | D:3      | Paralysed by Grinder for 3 turns
  1970 | D:3      | Paralysed by Grinder for 3 turns
  1979 | D:3      | Killed Grinder
  1980 | D:3      | Reached skill level 8 in Shapeshifting
  1980 | D:3      | Reached XP level 5. HP: 37/37 MP: 5/5
  1980 | D:3      | Reached XP level 6. HP: 43/43 MP: 6/6
  2041 | D:3      | Killed Jessica
  2150 | D:3      | Noticed Terence
  2171 | D:3      | Killed Terence
  2484 | D:4      | Reached skill level 9 in Shapeshifting
  2484 | D:4      | Reached XP level 7. HP: 19/48 MP: 7/7
  2548 | D:4      | Noticed Blork the orc
  2686 | D:4      | Killed Blork the orc
  2785 | D:4      | Slain by an iguana

Illustrated notes

Levels and vault maps discovered:
D:1:      eino_arrival_water_star, layout_rooms
D:2:      layout_loops_ring, chequers_ecumenical_altar_lobes,
          minmay_misc_feat_secret_circle, dreamdust_princess_bridge
D:3:      layout_loops_ring, grunt_ministairs_9, uniq_grinder, uniq_terence,
          uniq_jessica
D:4:      kennysheep_slugbush, layout_rooms, uniq_blork_the_orc

Skill      XL: |  1  2  3  4  5  6 |
---------------+-------------------+-----
Dodging        | 3 |  3.4
Shapeshifting  | 5 8 9 |  9.7
Fighting       | |  1.3
Unarmed Combat | |  3.6

Action                     |  1- 3 |  4- 6 |  7- 9 || total
---------------------------+-------+-------+-------++-------
  Melee: Unarmed           |    80 |   137 |    16 ||   233
         Punch             |     3 |     2 |       ||     5
    Use: Potion            |     3 |     1 |       ||     4
         Scroll            |       |       |     2 ||     2
   Stab: Sleeping          |     1 |     1 |       ||     2
         Distracted        |       |     1 |       ||     1
 Armour: Animal skin       |    36 |    61 |    20 ||   117
         Skin              |       |     9 |       ||     9
  Dodge: Dodged            |    43 |    69 |    10 ||   122
   Form: Blade             |       |     2 |       ||     2
         Flux              |       |     2 |       ||     2

Table legend: (Time is in decaauts)
 A = Elapsed time spent in this place.
 B = Non-inter-level travel time spent in this place.
 C = Inter-level travel time spent in this place.
 D = Time resting spent in this place.
 E = Time spent auto-exploring this place.
 F = Levels seen in this place.
 G = Mean time per level.
                   A        B        C        D        E       F      G
               +--------+--------+--------+--------+--------+-----+--------+
         Total |   2773 |   2641 |    132 |    290 |   1790 |   4 |  693.2 |
       Dungeon |   2773 |   2641 |    132 |    290 |   1790 |   4 |  693.2 |
               +--------+--------+--------+--------+--------+-----+--------+

Top non-repeatable levels by time:
     D:2: 1199 daAuts
     D:3: 719 daAuts
     D:1: 495 daAuts
     D:4: 359 daAuts
